 Dungeon Crawl Stone Soup version 0.23.2-33-g5129a83184 (webtiles) character file.

Game seed: 17613541620858643872

252 funkygono the Cudgeler (level 5, -2/47 HPs)
             Began as a Minotaur Fighter on July 21, 2019.
             Was a Follower of Elyvilon.
             Succumbed to a killer bee's poison
             ... on level 5 of the Dungeon.
             The game lasted 00:06:20 (3410 turns).

funkygono the Cudgeler (Minotaur Fighter)           Turns: 3410, Time: 00:06:20

Health: -2/47      AC:  9    Str: 22    XL:     5   Next: 89%
Magic:  4/4        EV:  8    Int:  5    God:    Elyvilon [*.....]
Gold:   167        SH:  9    Dex:  9    Spells: 4/4 levels left

rFire    . . .     SeeInvis .   a - +1 flail
rCold    . . .     Gourm    .   c - +0 shield
rNeg     + . .     Faith    .   b - +0 scale mail
rPois    .         Spirit   .   (helmet restricted)
rElec    .         Reflect  .   (no cloak)
rCorr    .         Harm     .   (no gloves)
MR       .....                  i - +1 pair of boots
Stlth    +.........             (no amulet)
HPRegen  0.15/turn              p - ring of stealth
MPRegen  0.09/turn              s - ring of positive energy

@: lethally poisoned (-2 -> -48)
A: retaliatory headbutt, horns 2
a: Lesser Healing, Divine Protection, Renounce Religion


You were on level 5 of the Dungeon.
You worshipped Elyvilon.
Elyvilon was aware of your devotion.
You were not hungry.

You visited 2 branches of the dungeon, and saw 6 of its levels.

You collected 167 gold pieces.

Inventory:

Hand Weapons
 a - a +1 flail (weapon)
 e - a +0 hunting sling
Missiles
 g - 32 sling bullets
 h - 35 stones (quivered)
 j - 54 bolts
Armour
 b - a +0 scale mail (worn)
 c - a +0 shield (worn)
 i - a +1 pair of boots (worn)
Jewellery
 p - a ring of stealth (left hand)
 s - a ring of positive energy (right hand)
Wands
 r - a wand of polymorph (3)
 w - a wand of acid (8)
Scrolls
 l - 2 scrolls of fear
 o - 4 scrolls of remove curse
 q - 2 scrolls of teleportation
 y - a scroll of blinking
Potions
 d - 2 potions of might
 k - 2 potions of haste
 m - 2 potions of curing
 t - 2 potions of agility
 u - a potion of brilliance {unknown}
 x - a potion of ambrosia {unknown}
Comestibles
 f - 5 rations


   Skills:
 + Level 4.4 Fighting
 + Level 5.1 Maces & Flails
 + Level 5.0 Armour
 + Level 0.6 Dodging
 + Level 0.3 Stealth
 + Level 4.7 Shields


You had 4 spell levels left.
You didn't know any spells.
Your spell library was empty.

Dungeon Overview and Level Annotations

Branches:
Dungeon (5/15)             Temple (1/1) D:4

Altars:
Elyvilon
Fedhas
Gozag
Hepliaklqana
Makhleb
Nemelex Xobeh
Qazlal
Ru
Sif Muna
Trog
Uskayaw
Wu Jian
Xom
Yredelemnul
Zin
The Shining One


Innate Abilities, Weirdness & Mutations

You reflexively headbutt those who attack you in melee.
You have a pair of horns on your head.


Message History

You feel sick. The killer bee barely misses you. The killer bee stings you.
* * * LOW HITPOINT WARNING * * *
You are more poisoned.
The killer bee poisons you! The killer bee completely misses you.
You furiously retaliate!
You headbutt the killer bee.
You kill the killer bee!
Your Maces & Flails skill increases to level 5!
Your Armour skill increases to level 5!
* * * LOW HITPOINT WARNING * * *
You feel sick. The killer bee stings you.
* * * LOW HITPOINT WARNING * * *
You are more poisoned.
The killer bee poisons you! The killer bee stings you.
* * * LOW HITPOINT WARNING * * *
You are more poisoned.
The killer bee poisons you!
You see here a killer bee corpse.
Unknown command.
You barely miss the killer bee. Your headbutt misses the killer bee.
You die...

...y #.###
).. #.#.. ...
#<#.# #y.
#.... #.#
#.### #.#
#.[.. #.#
######## #y#
#....... #@#
#.###### #.#
#.# #.# #.#
#.# #.# #.#
#.# #.# #.#
#.#########.#
#..[........#
#############


You could see 2 killer bees.

Vanquished Creatures
  A scorpion (D:4)
  A killer bee (D:5)
  A howler monkey (D:4)
  Robin (D:3)
  2 adders
  An ooze (D:3)
  A worm (D:2)
  2 dart slugs (D:2)
  3 leopard geckos
  2 orcs
  2 ball pythons
  5 giant cockroaches
  15 goblins
  12 hobgoblins
  5 jackals
  9 kobolds
  A quokka (D:2)
  5 bats
  A frilled lizard (D:1)
  5 rats
75 creatures vanquished.

Notes
Turn   | Place    | Note
-------+----------+-------------------------------------------
     0 | D:1      | funkygono the Minotaur Fighter began the quest for the Orb.
     0 | D:1      | Reached XP level 1. HP: 19/19 MP: 0/0
    65 | D:1      | Reached XP level 2. HP: 27/27 MP: 1/1
   678 | D:1      | Reached XP level 3. HP: 30/33 MP: 2/2
  1092 | D:2      | Found a bloodstained altar of Trog.
  1141 | D:2      | Found a white marble altar of Elyvilon.
  1175 | D:2      | Became a worshipper of Elyvilon the Healer
  1440 | D:2      | Reached XP level 4. HP: 40/40 MP: 3/3
  1593 | D:2      | Found a sparkling altar of Nemelex Xobeh.
  1593 | D:2      | Found a basalt altar of Yredelemnul.
  1606 | D:2      | Found an opulent altar of Gozag.
  1908 | D:3      | Noticed Robin
  1931 | D:3      | Killed Robin
  2395 | D:3      | Reached * piety under Elyvilon
  2778 | D:4      | Found a staircase to the Ecumenical Temple.
  2797 | D:4      | Reached XP level 5. HP: 47/47 MP: 4/4
  2800 | Temple   | Entered the Ecumenical Temple
  2913 | D:4      | Found a burning altar of Makhleb.
  3199 | D:4      | Found a shimmering altar of Xom.
  3326 | D:5      | Entered Level 5 of the Dungeon
  3408 | D:5      | Reached skill level 5 in Maces & Flails
  3408 | D:5      | Reached skill level 5 in Armour
  3409 | D:5      | HP: 2/47 [killer bee (4)]
  3410 | D:5      | Succumbed to a killer bee's poison

Skill      XL: |  1  2  3  4  5 |
---------------+----------------+-----
Shields        | 4 |  4.7
Fighting       | 4 |  4.4
Armour         | 4 5 |  5.0
Maces & Flails | 3 4 5 |  5.1
Dodging        | |  0.6
Stealth        | |  0.3

Action                   |  1- 3 |  4- 6 || total
-------------------------+-------+-------++-------
Melee: Flail             |   139 |    75 ||   214
       Headbutt          |    18 |    10 ||    28
  Use: Scroll            |     8 |     7 ||    15
  Eat: Chunk             |     2 |     4 ||     6
       Ration            |       |     1 ||     1
Armor: Scale mail        |    63 |    33 ||    96
Dodge: Dodged            |    31 |    22 ||    53
Block: Shield            |    69 |    37 ||   106
